AoeStats
← Goose2210

Arabia

510635218Analyzed
1v1 RM · 14h ago on Oct 1, 2026· 43m 19s· 2 players
Game mode
Random Map
Map size
Tiny (2 player)
Population
200
Speed
Normal
Resources
Standard
Victory
Conquest
Starting age
Dark Age
Ending age
Imperial Age
RankedLock teamsTeams togetherTeam positionsShared explorationLock speedFull tech treeHidden civsTurbo modeCheats
Victory
Defeat
🇨🇴 Burgundians · Colombia
1248
+17
🇹🇼 Persians · Taiwan
1268
-17
Goose2210
4:37 Double-Bit Axe
7:05 Loom
10:17 Feudal Age
11:28 Bow Saw
13:59 Horse Collar
16:33 Fletching
16:56 Heavy Plow
17:54 Arson
18:50 Wheelbarrow
22:09 Castle Age
20:41 Gold Mining
21:05 Padded Archer Armor
22:06 Forging
24:19 Two-Man Saw
23:33 Bodkin Arrow
23:20 Elite Skirmisher
25:08 Leather Archer Armor
28:16 Stone Mining
29:02 Crop Rotation
29:32 Stone Shaft Mining
30:14 Hand Cart
35:34 Imperial Age
34:12 Pikeman
34:53 Squires
34:57 Scale Mail Armor
35:32 Iron Casting
35:18 Treadmill Crane
37:30 Chemistry
37:00 Chain Mail Armor
41:25 Plate Mail Armor
42:19 Blast Furnace
41:56 Halberdier
43:00 Bracer
軒Syuan
6:04 Loom
9:50 Feudal Age
10:12 Double-Bit Axe
10:15 Horse Collar
22:42 Castle Age
24:12 Bow Saw
24:53 Town Watch
25:07 Gold Mining
25:21 Heavy Plow
28:21 Wheelbarrow
29:32 Hand Cart
29:23 Town Patrol
29:35 Fletching
29:55 Crossbowman
33:28 Bodkin Arrow
36:33 Imperial Age
34:39 Kamandaran
35:15 Padded Archer Armor
35:29 Bloodlines
35:29 Husbandry
36:28 Thumb Ring
36:55 Leather Archer Armor
37:23 Stone Mining
38:09 Gold Shaft Mining
38:27 Ring Archer Armor
38:07 Scale Barding Armor
41:40 Chain Barding Armor
41:30 Forging
43:13 Plate Barding Armor
43:26 Conscription
Connection lost

Rejoining the realm…

Still unreachable

The connection could not be restored.

Session expired

The server has moved on; the page needs a fresh start.